 Dungeon Crawl Stone Soup version 0.29-a0-557-g43b9904bd1 (webtiles) character file.

Game seed: 12031233126355517398

302 kae the Firebug (level 6, 0/32 HPs)
             Began as a Deep Elf Fire Elementalist on June 8, 2022.
             Slain by an adder (3 damage)
             ... on level 3 of the Dungeon.
             The game lasted 00:01:41 (3572 turns).

kae the Firebug (Deep Elf Fire Elementalist)        Turns: 3572, Time: 00:01:42

Health: 0/32       AC:  2    Str:  5    XL:     6   Next: 14%
Magic:  5/14       EV: 12    Int: 22    God:
Gold:   163        SH:  0    Dex: 15    Spells: 5/14 levels left

rFire   . . .      SeeInvis .   (no weapon)
rCold   . . .      Faith    .   (no shield)
rNeg    . . .      Spirit   .   a - +0 robe
rPois   .          Reflect  .   (no helmet)
rElec   .          Harm     .   (no cloak)
rCorr   .          Rampage  .   (no gloves)
Will    .....                   (no boots)
Stlth   ++........              (no amulet)
HPRegen 0.10/turn               (no ring)
MPRegen 0.14/turn               (no ring)

@: lethally poisoned (0 -> -5)
A: no striking features
a: no special abilities


You were on level 3 of the Dungeon.
You visited 1 branch of the dungeon, and saw 3 of its levels.

You collected 163 gold pieces.

Inventory:

Armour
 a - a +0 robe (worn)
Scrolls
 e - a scroll of amnesia
Potions
 b - a potion of magic
 c - a potion of curing
 d - a potion of lignification {unknown}
 f - a potion of degeneration {unknown}


   Skills:
 - Level 2.4 Dodging
 - Level 2.4 Stealth
 + Level 4.6 Spellcasting
 * Level 4.3 Conjurations
 * Level 5.4 Fire Magic


You had 5 spell levels left.
You knew the following spells:

 Your Spells              Type           Power      Damage    Failure   Level
a - Foxfire               Conj/Fire      100%       2x1d9     1%          1
b - Scorch                Fire           58%        2d7       1%          2
c - Conjure Flame         Conj/Fire      26%        6-21      4%          3
d - Inner Flame           Hex/Fire       17%        N/A       11%         3

Your spell library contained the following spells:

 Spells                   Type           Power      Damage    Failure   Level
 Magic Dart               Conj           96%        1d7       1%          1
 Searing Ray              Conj           48%        2d6       2%          2
 Flame Wave               Conj/Fire      26%        2d7       14%         4
 Confusing Touch          Hex            5%         N/A       32%         3
 Ozocubu's Armour         Ice            5%         N/A       32%         3
 Fulminant Prism          Conj/Hex       7%         3d7       41%         4
 Freezing Cloud           Conj/Ice/Air   5%         6-21      85%         5
 Yara's Violent Unravell  Hex/Tmut       2%         3d3       96%         5
 Enfeeble                 Hex            2%         N/A       100%        7
 Malign Gateway           Summ/Tloc      2%         N/A       100%        7


Dungeon Overview and Level Annotations

Branches:
Dungeon (3/15)

Altars:

Portals:
Sewer: D:3


Message History

Confirm with . or Enter, or press ? or * to list all spells.
Flames lash the giant cockroach.
You kill the giant cockroach!
You feel sick. The adder closely misses you.
You feel sick. The adder closely misses you. x3
You feel better.
The adder is no longer more vulnerable to fire.
The adder bites you.
You are poisoned.
The adder poisons you!
The adder bites you but does no damage. x2
The adder closely misses you. The adder bites you but does no damage.
Casting: Scorch (safe; 1% risk of failure)
Confirm with . or Enter, or press ? or * to list all spells.
Flames lash the adder.
The adder is almost dead.
The adder's fire resistance burns away.
You feel sick. The adder bites you. The adder barely misses you.
The adder bites you. x2
You feel sick. The adder bites you.
* * * LOW HITPOINT WARNING * * *
The adder closely misses you. The adder barely misses you.
Casting: Scorch (safe; 1% risk of failure)
Confirm with . or Enter, or press ? or * to list all spells.
Flames lash the adder.
The adder is heavily wounded.
The adder's fire resistance burns away.
You feel sick. The adder bites you but does no damage.
The adder completely misses you. The adder bites you.
* * * LOW HITPOINT WARNING * * *
The adder barely misses you.
You feel sick. The adder barely misses you. The adder closely misses you.
The adder bites you.
* * * LOW HITPOINT WARNING * * *
You are more poisoned.
The adder poisons you! The adder closely misses you.
The adder barely misses you.
You feel better. The adder closely misses you. The adder bites you.
* * * LOW HITPOINT WARNING * * *
You are lethally poisoned!
The adder poisons you! The adder bites you.
You die...

.. #...#.######..###.#
#...##.##.........))..#
#.......###..#..#)..#
##.##.### ##...###...
#.######..## ##.( #
#.....#..## ##. .....
#####.#.## ##
#..#######.#..## ##.
#..S@S..#.##..#+ +#..
#.##S##.#.###..###...
#.#≈≈†#...####..#..##
#.#≈≈≈#.......#....##
#.#≈∩≈#.#####.####.##
###.#≈≈≈#.# #.# #.##
...#≈≈≈#.# #.# #.#
##.#####.# #.# #.#
###.......#####.## #.#


You could see 3 adders.

Vanquished Creatures
  Sigmund (D:2)
  An orc wizard (D:3)
  Robin (D:2)
  2 adders (D:2)
  A worm (D:2)
  2 dart slugs
  2 orcs (D:3)
  5 bats
  9 endoplasms
  3 giant cockroaches
  9 goblins (D:2)
  12 hobgoblins
  10 jackals
  5 kobolds
  2 quokkas
  2 ball pythons (D:2)
  2 frilled lizards
  6 rats
75 creatures vanquished.

Vanquished Creatures (collateral kills)
  A foxfire (D:1)
1 creature vanquished.

Vanquished Creatures (others)
  207 foxfires
207 creatures vanquished.

Grand Total: 283 creatures vanquished

Notes
Turn   | Place    | Note
-------+----------+-------------------------------------------
     0 | D:1      | kae the Deep Elf Fire Elementalist began the quest for the
                  | Orb.
     0 | D:1      | Reached XP level 1. HP: 10/10 MP: 6/6
   410 | D:1      | Reached XP level 2. HP: 7/15 MP: 5/8
   605 | D:1      | Learned a level 2 spell: Scorch
  1213 | D:1      | Reached XP level 3. HP: 17/19 MP: 1/9
  1217 | D:1      | Learned a level 3 spell: Conjure Flame
  1871 | D:2      | Reached skill level 4 in Fire Magic
  2143 | D:2      | Noticed Robin
  2422 | D:2      | Killed Robin
  2423 | D:2      | Reached XP level 4. HP: 24/24 MP: 7/11
  2742 | D:2      | Noticed Sigmund
  2746 | D:2      | Killed Sigmund
  2747 | D:2      | Reached skill level 5 in Fire Magic
  2747 | D:2      | Reached XP level 5. HP: 28/28 MP: 9/13
  2755 | D:2      | Learned a level 3 spell: Inner Flame
  3168 | D:2      | Got the Almanac of the Frostbite and the Traveller
  3244 | D:3      | Reached XP level 6. HP: 24/32 MP: 9/14
  3497 | D:3      | Found a faded altar of an unknown god.
  3508 | D:3      | Found a glowing drain.
  3571 | D:3      | HP: 1/32 [adder (2)]
  3572 | D:3      | Slain by an adder

Illustrated notes

Levels and vault maps discovered:
D:1:      denvon_arrival_planthouse, layout_basic, hangedman_decor_push,
          minmay_misc_feat_four_crosses, minmay_pentomino_x2
D:2:      layout_basic, uniq_sigmund, uniq_robin
D:3:      layout_loops_ring, fedhas_altar_4, nemelex_diamond_rough_becter,
          ebering_ecumenical_altar_box, gup_sewer_entry_glass,
          grunt_ministairs_12

Skill      XL: |  1  2  3  4 |
---------------+-------------+-----
Conjurations   | 2 4 |  4.3
Fire Magic     | 4 5 |  5.4
Spellcasting   | 4 |  4.6
Dodging        | |  2.4
Stealth        | |  2.4

Action                   |  1- 3 |  4- 6 || total
-------------------------+-------+-------++-------
 Cast: Foxfire           |    77 |    51 ||   128
       Scorch            |     8 |     6 ||    14
  Use: Scroll            |       |     4 ||     4
       Potion            |       |     2 ||     2
Armor: Robe              |     3 |    13 ||    16
Dodge: Dodged            |    23 |    28 ||    51

Table legend: (Time is in decaauts)
 A = Elapsed time spent in this place.
 B = Non-inter-level travel time spent in this place.
 C = Inter-level travel time spent in this place.
 D = Time resting spent in this place.
 E = Time spent auto-exploring this place.
 F = Levels seen in this place.
 G = Mean time per level.
                   A        B        C        D        E       F      G
               +--------+--------+--------+--------+--------+-----+--------+
         Total |   3572 |   3478 |     94 |      5 |   3028 |   3 | 1190.7 |
       Dungeon |   3572 |   3478 |     94 |      5 |   3028 |   3 | 1190.7 |
               +--------+--------+--------+--------+--------+-----+--------+

Top non-repeatable levels by time:
     D:1: 1930 daAuts
     D:2: 1301 daAuts
     D:3: 340 daAuts
